 Dungeon Crawl Stone Soup version 0.24-a0-370-g78e9d4e317 (webtiles) character file.

Game seed: 17770776085365196487

250 Holzbalken the Cutter (level 5, -4/39 HPs)
             Began as a Demonspawn Gladiator on May 30, 2019.
             Killed from afar by a white imp (6 damage)
             ... with a puff of frost
             ... summoned by Natasha
             ... on level 3 of the Dungeon.
             The game lasted 00:09:30 (2250 turns).

Holzbalken the Cutter (Demonspawn Gladiator)        Turns: 2250, Time: 00:09:32

Health: -4/39      AC:  5    Str: 15    XL:     5   Next: 88%
Magic:  5/5        EV: 12    Int: 11    God:
Gold:   106        SH:  0    Dex: 15    Spells: 4/4 levels left

rFire    . . .     SeeInvis .   i - +3 short sword (speed)
rCold    . . .     Gourm    .   (no shield)
rNeg     . . .     Faith    .   b - +0 leather armour
rPois    .         Spirit   .   c - +0 helmet
rElec    .         Reflect  .   (no cloak)
rCorr    .         Harm     .   (no gloves)
MR       .....                  (no boots)
Stlth    +++.......             (no amulet)
HPRegen  0.13/turn              (no ring)
MPRegen  0.09/turn              (no ring)

@: no status effects
A: claws 1, rugged brown scales 1, blink, clever 1, nightstalker 1, no potion
heal 1
a: Blink


You were on level 3 of the Dungeon.
You were not hungry.

You visited 1 branch of the dungeon, and saw 3 of its levels.

You collected 106 gold pieces.

Inventory:

Hand Weapons
 a - a +0 trident
 i - a +3 short sword of speed (weapon)
Missiles
 d - 3 throwing nets (quivered)
Armour
 b - a +0 leather armour (worn)
 c - a +0 helmet (worn)
 g - a +0 scale mail
 j - a +2 hat
Scrolls
 k - a scroll of enchant armour {unknown}
 m - a scroll of amnesia {unknown}
 n - a scroll of identify {unknown}
 p - a scroll of immolation {unknown}
Potions
 e - a potion of might {unknown}
 l - a potion of mutation
 o - a potion of invisibility {unknown}
Comestibles
 f - 2 rations
 h - 4 chunks of flesh


   Skills:
 - Level 2.0 Fighting
 * Level 3.8 Short Blades
 - Level 3.4 Polearms
 - Level 1.7 Throwing
 - Level 2.6 Dodging
 + Level 2.8 Stealth


You had 4 spell levels left.
You didn't know any spells.
Your spell library was empty.

Dungeon Overview and Level Annotations

Branches:
Dungeon (3/15)

Altars:
Hepliaklqana
Xom

Annotations:
D:3 Natasha


Innate Abilities, Weirdness & Mutations

You are partially covered in rugged brown scales. (AC +1, +3% HP)
You are slightly more attuned to the shadows.
You have sharp fingernails.
You can translocate small distances at will.
Your mind is acute. (Int +2)
Potions are less effective at restoring your health.


Message History

Natasha closely misses you.
You barely miss Natasha.
Natasha is moderately wounded.
The rat barely misses you.
Some of the chunks of flesh in your inventory have rotted away.
You closely miss Natasha.
Natasha is moderately wounded.
The white imp gestures at you.
The puff of frost hits you but does no damage.
The white imp closely misses you. Natasha casts a spell at you.
The magic dart hits you.
* * * LOW HITPOINT WARNING * * *
It was a potion of mutation.
You feel extremely strange.
Your system partially rejects the healing effects of potions.
You feel clever.
Your fingernails lengthen.
You feel jittery. The rat bites you but does no damage.
The white imp closely misses you. The white imp gestures at you.
The puff of frost misses you. The puff of frost hits you.
You die...

..# ..# #.##. ..#
#.... .. ..# #...#
... ..# #...##...
..# #...#.... ###
#........ ###
#r5h..... ..#
#%@5..... ###
#......##
+...##..# #..## ..
###############..#
.
.................#
#...)............#
#................#
................##


You could see Natasha, 2 white imps and a rat.

Vanquished Creatures
  An ogre (D:2)
  A centaur skeleton (D:2)
  Jessica (D:3)
  Natasha (D:3)
  An adder (D:2)
  2 worms (D:2)
  A leopard gecko (D:1)
  3 orcs (D:3)
  7 giant cockroaches
  10 goblins
  7 hobgoblins
  3 jackals (D:1)
  13 bats
  7 frilled lizards
  9 kobolds
  4 rats
71 creatures vanquished.

Notes
Turn   | Place    | Note
-------+----------+-------------------------------------------
     0 | D:1      | Holzbalken the Demonspawn Gladiator began the quest for the
                  | Orb.
     0 | D:1      | Reached XP level 1. HP: 16/16 MP: 1/1
   123 | D:1      | Gained mutation: You are slightly more attuned to the
                  | shadows. [demonic ancestry]
   123 | D:1      | Reached XP level 2. HP: 16/22 MP: 2/2
   413 | D:1      | Reached skill level 1 in Short Blades
   429 | D:1      | Reached XP level 3. HP: 24/27 MP: 3/3
   815 | D:2      | Found a shimmering altar of Xom.
   882 | D:2      | Reached skill level 1 in Stealth
  1013 | D:2      | Found a hazy altar of Hepliaklqana.
  1226 | D:2      | Gained mutation: You are partially covered in rugged brown
                  | scales. (AC +1, +3% HP) [demonic ancestry]
  1226 | D:2      | Reached XP level 4. HP: 16/33 MP: 4/4
  1482 | D:2      | Noticed an ogre
  1490 | D:2      | Killed an ogre
  1490 | D:2      | Reached XP level 5. HP: 16/39 MP: 5/5
  1846 | D:2      | Found a shimmering altar of Xom.
  1988 | D:3      | Noticed Jessica
  2011 | D:3      | Killed Jessica
  2096 | D:3      | Noticed Natasha
  2109 | D:3      | Killed Natasha
  2230 | D:3      | Noticed Natasha
  2249 | D:3      | HP: 1/39 [Natasha/magic dart (4)]
  2250 | D:3      | Gained mutation: Potions are less effective at restoring
                  | your health. [potion of mutation]
  2250 | D:3      | Gained mutation: Your mind is acute. (Int +2) [potion of
                  | mutation]
  2250 | D:3      | Gained mutation: You have sharp fingernails. [potion of
                  | mutation]
  2250 | D:3      | Gained mutation: You can translocate small distances at
                  | will. [potion of mutation]
  2250 | D:3      | Killed from afar by a white imp

Levels and vault maps discovered:
D:1:      dpeg_arrival_renting, layout_loops_ring, serial_forest,
          infiniplex_forest_lined_corner, infiniplex_forest_straight_5,
          infiniplex_forest_clump_small, infiniplex_forest_clump_C
D:2:      layout_basic, old_standard_altar, xom_teletrap_fun,
          lemuel_altar_in_water
D:3:      layout_rooms, kennysheep_small_spiral, uniq_jessica, uniq_natasha,
          uniq_crazy_yiuf_cottage

Skill      XL: |  1  2  3  4 |
---------------+-------------+-----
Polearms       | 3 |  3.4
Short Blades   | 1 2 3 |  3.8
Stealth        | 1 2 |  2.8
Fighting       | |  2.0
Throwing       | |  1.7
Dodging        | |  2.6

Action                   |  1- 3 |  4- 6 || total
-------------------------+-------+-------++-------
Melee: Trident           |    39 |       ||    39
       Short sword       |    98 |    76 ||   174
  Use: Potion            |       |     1 ||     1
 Stab: Sleeping          |     7 |     3 ||    10
       Distracted        |       |     1 ||     1
  Eat: Chunk             |     1 |     3 ||     4
Armor: Leather armour    |    34 |    17 ||    51
Dodge: Dodged            |    67 |    37 ||   104

Table legend:
 A = Non-vault XP
 B = Vault XP
 C = Vault XP percentage of total XP
 D = Non-vault monster count
 E = Vault monster count
 F = Vault count percentage of total count
                 A         B        C        D         E       F
            +---------+---------+-------+---------+---------+-------
      Total |     286 |      72 |  20.1 |      69 |       2 |   2.8
            +---------+---------+-------+---------+---------+-------
        D:1 |      51 |       0 |   0.0 |      28 |       0 |   0.0
        D:2 |     207 |       0 |   0.0 |      26 |       0 |   0.0
        D:3 |      28 |      72 |  72.0 |      15 |       2 |  11.8
            +---------+---------+-------+---------+---------+-------
